 Dungeon Crawl Stone Soup version 0.31-a0-836-g3ceb0a68c4 (webtiles) character file.

Game seed: 1083707884773794171

301 Kurtz the Chopper (level 6, 0/42 HPs)
             Began as an Octopode Fighter on Sept 26, 2023.
             Was a Follower of Makhleb.
             Slain by Pargi (1 damage)
             ... on level 3 of the Dungeon.
             The game lasted 00:03:08 (2673 turns).

Kurtz the Chopper (Octopode Fighter)                Turns: 2673, Time: 00:03:09

Health: 0/42       AC:  1    Str: 17    XL:     6   Next: 37%
Magic:  6/6        EV: 14    Int: 10    God:    Makhleb [*.....]
Gold:   178        SH:  5    Dex: 18    Spells: 5/5 levels left

rFire   + . .        m - +6 hammer "Rururchi" {venom, Fly rF+}
rCold   . . .        b - +0 buckler
rNeg    . . .        (helmet restricted)
rPois   .            (no amulet)
rElec   .            g - ring of willpower
rCorr   .            o - +6 ring of dexterity
SInv    .            (no ring)
Will    +....        (no ring)
Stlth   +++          (no ring)
HPRegen 0.27/turn    (no ring)
MPRegen 0.10/turn    (no ring)
                     (no ring)

%: no passive effects
@: flying
A: almost no armour, amphibious, 8 rings, camouflage 1, gelatinous body 1,
(nimble swimmer 1), tentacles
a: Renounce Religion


You were on level 3 of the Dungeon.
You worshipped Makhleb.
Makhleb was aware of your devotion.
You visited 1 branch of the dungeon, and saw 3 of its levels.
You also visited: Sewer.

You collected 178 gold pieces.

Inventory:

Hand Weapons
 a - a +0 war axe
 l - a +1 flail of protection
 m - the +6 hammer "Rururchi" (weapon) {venom, Fly rF+}
   (You found it on level 2 of the Dungeon)

   rF+:       It protects you from fire.
   Fly:       It grants you flight.
Missiles
 j - 21 poisoned darts
Armour
 b - a +0 buckler (worn)
Jewellery
 g - a ring of willpower (left tentacle)
 o - a +6 ring of dexterity (right tentacle)
Wands
 q - a wand of flame (1)
Scrolls
 d - a scroll of revelation {unknown}
 e - 2 scrolls of amnesia {unknown}
 f - a scroll of fear {unknown}
 i - 3 scrolls of identify {unknown}
 p - a scroll of fog {unknown}
 r - a scroll of immolation {unknown}
Potions
 c - a potion of might
 h - a potion of lignification {unknown}
 k - a potion of brilliance {unknown}
 n - 2 potions of resistance {unknown}
 s - a potion of heal wounds {unknown}
 t - 2 potions of curing
 u - 2 potions of enlightenment


   Skills:
 + Level 3.1 Fighting
 * Level 6.3 Axes
 - Level 3.0 Dodging
 - Level 3.0 Shields
 * Level 0.9 Invocations


You had 5 spell levels left.
You didn't know any spells.
Your spell library contained the following spells:

 Spells                   Type           Power      Damage    Failure   Level
 Inner Flame              Hex/Fire       0%         N/A       82%         3
 Yara's Violent Unravell  Hex/Tmut       0%         3d3       100%        5
 Enfeeble                 Hex            0%         N/A       100%        7


Dungeon Overview and Level Annotations

Branches:
Dungeon (3/15)              Sewer (visited)

Altars:
Makhleb
Vehumet

Annotations:
D:2 1 runed translucent door, Crazy Yiuf
D:3 Pargi


Innate Abilities, Weirdness & Mutations

You cannot wear most types of armour.
You are amphibious.
You can wear up to eight rings at the same time.
Your skin changes colour to match your surroundings (Stealth+).
Your rubbery body absorbs attacks. (AC +1, EV +1)
((You are camouflaged when in or above water. (Stealth+)))
You have tentacles for arms and can constrict up to eight enemies at once.


Message History

j - 21 poisoned darts (gained 3)
Found a stone staircase leading down.
No target in view!
There is a stone staircase leading down here.
Pargi and a frilled lizard come into view.
The frilled lizard hisses angrily.
Pargi shouts!
You sock the frilled lizard!
You kill the frilled lizard!
Makhleb accepts your kill.
You can now gain health from killing.
Okay, then.
Unknown command.
You swing at nothing.
You barely miss Pargi. Pargi barely misses you. Pargi misses you. x2
You hit Pargi.
Pargi is poisoned.
Pargi is lightly wounded.
Pargi bites you! You block Pargi's attack. Pargi claws you.
You hit Pargi.
Pargi is lightly wounded.
Pargi bites you. Pargi claws you. You block Pargi's attack.
You sock Pargi!
Pargi looks as sick as possible!
Pargi is heavily wounded.
You block Pargi's attack. x2; Pargi barely misses you.
You block Pargi's attack. Pargi barely misses you. Pargi claws you.
You hit Pargi but do no damage.
Pargi looks as sick as possible!
Pargi is heavily wounded.
Pargi misses you. You block Pargi's attack. Pargi claws you.
You sock Pargi!
Pargi looks as sick as possible!
Pargi is almost dead.
Pargi barely misses you. Pargi claws you. x2
You hit Pargi but do no damage.
Pargi looks as sick as possible!
Pargi is almost dead.
Pargi bites you.
* * * LOW HITPOINT WARNING * * *
Pargi closely misses you. Pargi barely misses you. Pargi bites you!
* * * LOW HITPOINT WARNING * * *
Pargi claws you.
* * * LOW HITPOINT WARNING * * *
Pargi claws you.
You die...

#.#.#####...##.####.#
#.#.####..##.#.####.#
.......#.........##.#
#.#.##.#...#.#.#.##>#
#.#.# ##...##<#.##.#
..#.........##......#
#########...####.####
..# #####.......###
..# #...!@T....# ..#
#$.#..#..#.# ..#
#..#.....# # .#.# #.
#.....# .##.# #
#.##..# .# .# .. ..#
.##.# ... ... .#.#
##. ### ..##


You could see Pargi (extremely poisoned).

Vanquished Creatures
  A kobold brigand (Sewer)
  A crimson imp (D:3)
  Natasha (thrice) (D:2)
  A gnoll (D:1)
  2 adders
  2 river rats (Sewer)
  2 worms
  A dart slug (D:1)
  5 ball pythons
  5 bats
  9 endoplasms
  A giant cockroach (D:1)
  3 goblins
  7 hobgoblins
  6 jackals
  13 kobolds
  4 quokkas (D:1)
  4 frilled lizards
  8 rats
78 creatures vanquished.

Notes
Turn   | Place    | Note
-------+----------+-------------------------------------------
     0 | D:1      | Kurtz the Octopode Fighter began the quest for the Orb.
     0 | D:1      | Reached XP level 1. HP: 16/16 MP: 1/1
   119 | D:1      | Reached skill level 3 in Axes
   119 | D:1      | Reached XP level 2. HP: 19/21 MP: 2/2
   203 | D:1      | Reached XP level 3. HP: 26/26 MP: 3/3
   517 | D:1      | Found a faded altar of an unknown god.
   982 | D:2      | Reached skill level 4 in Axes
  1154 | D:2      | Noticed Natasha
  1162 | D:2      | Killed Natasha
  1163 | D:2      | Reached XP level 4. HP: 25/31 MP: 4/4
  1175 | D:2      | Noticed Natasha
  1182 | D:2      | Killed Natasha
  1286 | D:2      | Reached skill level 5 in Axes
  1286 | D:2      | Reached XP level 5. HP: 20/36 MP: 5/5
  1520 | D:2      | Noticed Natasha
  1525 | D:2      | Killed Natasha
  1573 | D:2      | Found a runed translucent door.
  1574 | D:2      | Identified the +6 hammer "Rururchi" {venom, Fly rF+}
  1574 | D:2      | Noticed Crazy Yiuf
  1889 | D:3      | Found a radiant altar of Vehumet.
  1889 | D:3      | Found a burning altar of Makhleb.
  1905 | D:3      | Became a worshipper of Makhleb the Destroyer
  2260 | D:3      | Found a glowing drain.
  2269 | Sewer    | Entered a sewer
  2346 | Sewer    | Noticed a kobold brigand
  2350 | Sewer    | Reached skill level 6 in Axes
  2350 | Sewer    | Reached XP level 6. HP: 42/42 MP: 6/6
  2435 | Sewer    | Found a white marble altar of Elyvilon.
  2662 | D:3      | Noticed Pargi
  2665 | D:3      | Reached * piety under Makhleb
  2673 | D:3      | HP: 1/42 [Pargi (2)]
  2673 | D:3      | Slain by Pargi

Illustrated notes

Levels and vault maps discovered:
D:1:      dpeg_arrival_castle, layout_basic,
          hellmonk_ecumenical_altar_crossroads, serial_forest,
          infiniplex_forest_clump_double, infiniplex_forest_corner_2,
          infiniplex_forest_clump_double, infiniplex_forest_end_2,
          infiniplex_forest_straight_1, chequers_serial_rivers_small_3
D:2:      layout_basic, uniq_crazy_yiuf_cottage, uniq_natasha
D:3:      layout_loops_cross, grunt_temple_overflow_lords_of_destruction,
          cheibrodos_sewer_entry_bend, uniq_pargi

Skill      XL: |  1  2  3  4  5 |
---------------+----------------+-----
Axes           | 3 4 5 6 |  6.3
Fighting       | |  3.1
Dodging        | |  3.0
Shields        | |  3.0
Invocations    | |  0.9

Action                     |  1- 3 |  4- 6 || total
---------------------------+-------+-------++-------
  Melee: War axe           |    59 |    19 ||    78
         Constrict         |    15 |    20 ||    35
         Tentacles         |    12 |    11 ||    23
         Mace              |       |    57 ||    57
         Punch             |       |     1 ||     1
   Stab: Sleeping          |     1 |     4 ||     5
 Armour: Skin              |    24 |    45 ||    69
  Dodge: Dodged            |    34 |    49 ||    83
  Block: Buckler           |     9 |    24 ||    33

Table legend: (Time is in decaauts)
 A = Elapsed time spent in this place.
 B = Non-inter-level travel time spent in this place.
 C = Inter-level travel time spent in this place.
 D = Time resting spent in this place.
 E = Time spent auto-exploring this place.
 F = Levels seen in this place.
 G = Mean time per level.
                   A        B        C        D        E       F      G
               +--------+--------+--------+--------+--------+-----+--------+
         Total |   2712 |   2584 |    128 |     88 |   1750 |   4 |  678.0 |
       Dungeon |   2503 |   2375 |    128 |     32 |   1674 |   3 |  834.3 |
         Sewer |    208 |    208 |      0 |     56 |     76 |   1 |  208.0 |
               +--------+--------+--------+--------+--------+-----+--------+

Top non-repeatable levels by time:
     D:1: 975 daAuts
     D:2: 882 daAuts
     D:3: 645 daAuts
   Sewer: 208 daAuts
